 Dungeon Crawl Stone Soup version 0.28-a0-241-gfbb0926a3a (webtiles) character file.

Game seed: 18347305527979705689

2 Malachi the Ruffian (level 1, -2/18 HPs)
             Began as a Naga Transmuter on Aug 24, 2021.
             Frozen to death by an endoplasm (4 damage)
             ... on level 1 of the Dungeon.
             The game lasted 00:00:30 (238 turns).

Malachi the Ruffian (Naga Transmuter)                Turns: 238, Time: 00:00:31

Health: -2/18      AC:  1    Str: 12    XL:     1   Next: 30%
Magic:  2/3        EV:  9    Int: 13    God:
Gold:   0          SH:  0    Dex: 11    Spells: 3/4 levels left

rFire   . . .      SeeInvis +     - Unarmed
rCold   . . .      Faith    .   (no shield)
rNeg    . . .      Spirit   .   a - +0 robe
rPois   +          Reflect  .   (no helmet)
rElec   .          Harm     .   (no cloak)
rCorr   .          Rampage  .   (no gloves)
Will    .....                   (no barding)
Stlth   +.........              (no amulet)
HPRegen 0.06/turn               (no ring)
MPRegen 0.08/turn               (no ring)

@: short of breath, very slightly contaminated, very slow
A: AC +0, large, see invisible, deformed body, poison resistance, slowness 2,
spit poison 1, naga tail 1
a: Spit Poison


You were on level 1 of the Dungeon.
You visited 1 branch of the dungeon, and saw 1 of its levels.

Inventory:

Armour
 a - a +0 robe (worn)


   Skills:
 + Level 1.0 Fighting
 - Level 1.5 Dodging
 * Level 3.1 Unarmed Combat
 - Level 2.0 Spellcasting
 * Level 2.0 Transmutations


You had 3 spell levels left.
You knew the following spells:

 Your Spells              Type           Power      Damage    Failure   Level
a - Beastly Appendage     Tmut           12%        N/A       11%         1

Your spell library contained the following spells:

 Spells                   Type           Power      Damage    Failure   Level
 Wereblood                Tmut           6%         N/A       17%         2
 Spider Form              Tmut/Pois      1%         N/A       45%         3
 Ice Form                 Ice/Tmut       3%         N/A       86%         4


Dungeon Overview and Level Annotations

Branches:
Dungeon (1/15)

Altars:


Innate Abilities, Weirdness & Mutations

Your serpentine skin is tough. (AC +0)
You have supernaturally acute eyesight. (SInv)
Armour fits poorly on your strangely shaped body.
Your system is resistant to poisons. (rPois)
You cover ground very slowly.
You can spit poison.
You have a snake-like lower body.


Message History

Casting: Beastly Appendage (safe; 11% risk of failure)
Confirm with . or Enter, or press ? or * to list all spells.
You miscast Beastly Appendage.
Nothing appears to happen.
The gnoll closely misses you.
You hit the gnoll but do no damage.
The gnoll is moderately wounded.
You have got your breath back.
The gnoll hits you with a +0 club.
Press: ? - help, Shift-Dir - straight line, f/p - gnoll
Aim: a gnoll, wielding a +0 club (moderately wounded)
The splash of poison misses the gnoll.
The splash of poison hits the endoplasm.
The endoplasm is lightly wounded.
The gnoll hits you with a +0 club.
Unknown command.
You aren't carrying any potions.
You aren't carrying any scrolls.
Unknown command.
You aren't carrying any items that you can evoke.
Unknown command.
You hit the gnoll but do no damage.
The gnoll is moderately wounded.
The gnoll barely misses you.
You hit the gnoll.
The gnoll is moderately wounded.
The gnoll hits you with a +0 club.
* * * LOW HITPOINT WARNING * * *
You hit the gnoll but do no damage.
The gnoll is moderately wounded.
You have got your breath back.
The gnoll barely misses you.
Press: ? - help, Shift-Dir - straight line, f/p - gnoll
Aim: a gnoll, wielding a +0 club (moderately wounded)
The splash of poison hits the gnoll.
The gnoll is poisoned.
The gnoll is heavily wounded.
The endoplasm closely misses you. The gnoll barely misses you.
Unknown command.
The endoplasm freezes you.
You are frozen.
You die...

#'## ...8...##'#
#..#.P...P..#..#
#..#..P.P...#..#
#..#8P...P.8#..#
#..#..P.P.P.#..#
#..#.P.P....#..#♣
#..#..P.P.[.....♣
##'#............♣
##..#######@.....♣
#<...#.....gJ...♣♣
#....#..........♣
##..#######....♣♣
#### ......♣
........♣
♣.........♣
♣♣........#
♣........#


You could see a gnoll (poisoned) and an endoplasm.

Vanquished Creatures
  A frilled lizard (D:1)
  2 rats (D:1)
3 creatures vanquished.

Notes
Turn   | Place    | Note
-------+----------+-------------------------------------------
     0 | D:1      | Malachi the Naga Transmuter began the quest for the Orb.
     0 | D:1      | Reached XP level 1. HP: 18/18 MP: 3/3
   238 | D:1      | Frozen to death by an endoplasm

Illustrated notes

Levels and vault maps discovered:
D:1:      sevenhm_arrival_forest_fort_large_4, layout_basic,
          ebering_ecumenical_altar_hall, serial_shops, nicolae_shop_crystal,
          hangedman_feature_mirror

Action                   || total
-------------------------++-------
Melee: Unarmed           ||    20
 Cast: Beastly Appendage ||     1
 Abil: Spit Poison       ||     4
 Stab: Sleeping          ||     1
Armor: Robe              ||     1
Dodge: Dodged            ||    12

Table legend: (Time is in decaauts)
 A = Elapsed time spent in this place.
 B = Non-inter-level travel time spent in this place.
 C = Inter-level travel time spent in this place.
 D = Time resting spent in this place.
 E = Time spent auto-exploring this place.
 F = Levels seen in this place.
 G = Mean time per level.
                   A        B        C        D        E       F      G
               +--------+--------+--------+--------+--------+-----+--------+
         Total |    252 |    252 |      0 |     87 |    128 |   1 |  252.0 |
       Dungeon |    252 |    252 |      0 |     87 |    128 |   1 |  252.0 |
               +--------+--------+--------+--------+--------+-----+--------+

Top non-repeatable levels by time:
     D:1: 252 daAuts
